 Dungeon Crawl Stone Soup version 0.32-a0-913-g739538afd8 (webtiles) character file.

Game seed: 8934666540893050699

343 EnlightenedBush the Chopper (level 6, 0/57 HPs)
             Began as a Naga Fighter on Apr 8, 2024.
             Slain by a jelly (3 damage)
             ... on level 4 of the Dungeon.
             The game lasted 00:08:10 (3068 turns).

EnlightenedBush the Chopper (Naga Fighter)          Turns: 3068, Time: 00:08:10

Health: 0/57       AC: -4    Str: 20    XL:     6   Next: 57%
Magic:  6/6        EV:  6    Int:  8    God:
Gold:   107        SH:  0    Dex: 11    Spells: 5/5 levels left

rFire   . . .        p - +4 quarterstaff (chaos)
rCold   . . .        (shield currently unavailable)
rNeg    . . .        b - +0 scale mail
rPois   +            (no helmet)
rElec   .            (no cloak)
rCorr   .            j - +0 pair of gloves
SInv    +            (no barding)
Will    .....        (no amulet) Stlth
                     (no ring)
HPRegen 0.29/turn    (no ring)
MPRegen 0.10/turn

%: no passive effects
@: corroded, very slow
A: AC +2, large, see invisible, deformed body, poison resistance, slowness 2,
spit poison 1, naga tail 1
a: Spit Poison


You were on level 4 of the Dungeon.
You visited 1 branch of the dungeon, and saw 4 of its levels.

You collected 107 gold pieces.

Inventory:

Hand Weapons
 k - a +4 mace
 p - a +4 quarterstaff of chaos (weapon)
Armour
 b - a +0 scale mail (worn)
 c - a +0 buckler
 j - a +0 pair of gloves (worn)
Magical Staves
 o - a staff of air
Jewellery
 q - a ring of flight
Scrolls
 a - 2 scrolls of immolation {unknown}
 g - 3 scrolls of teleportation {unknown}
 h - 3 scrolls of identify {unknown}
 l - a scroll of blinking {unknown}
 r - a scroll of fear {unknown}
Potions
 d - 2 potions of might
 e - a potion of attraction {unknown}
 f - a potion of brilliance {unknown}
 i - a potion of ambrosia {unknown}
 m - 3 potions of curing {unknown}
 n - a potion of haste {unknown}


   Skills:
 + Level 3.9 Fighting
 + Level 4.2(4.3) Axes
 + Level 1.2(2.9) Polearms
 + Level 0.2(0.8) Staves
 + Level 3.4 Armour
 + Level 0.8 Dodging
 + Level 0.2 Stealth
 + Level 3.5 Shields


You had 5 spell levels left.
You didn't know any spells.
Your spell library was empty.

Dungeon Overview and Level Annotations

Branches:
Dungeon (4/15)
 Temple: D:4-7

Altars:
Gozag
Qazlal


Innate Abilities, Weirdness & Mutations

Your serpentine skin is tough. (AC +2)
You have supernaturally acute eyesight. (SInv)
Armour fits poorly on your strangely shaped body.
Your system is resistant to poisons. (rPois)
You cover ground very slowly.
You can spit poison.
You have a snake-like lower body.


Message History

The jelly hits you but does no damage.
You see here a +0 short sword.
You closely miss the ball python.
The ball python bites you but does no damage.
The jelly hits you. The acid corrodes you!
You are splashed with acid!
The ball python completely misses you.
You sock the ball python!
You kill the ball python!
The jelly hits you but does no damage. The jelly barely misses you.
The jelly hits you.
You are splashed with acid!
You see here a ball python corpse.
Things that are here:
a +0 dagger; 5 stones
Found a scroll labelled SUKEEHORIR.
The jelly barely misses you. The jelly hits you but does no damage.
A jackal comes into view.
The dart slug bites you. The jelly hits you. The acid corrodes you!
You are splashed with acid.
The jackal moves out of view.
A kobold comes into view. It is wielding a +0 whip.
The kobold shouts!
The jackal barks!
The jelly barely misses you.
The dart slug attacks as it pursues you!
The dart slug barely misses you.
An adder comes into view.
The kobold moves out of view.
You hit the dart slug but do no damage.
A ball python comes into view.
The jelly hits you. The acid corrodes you!
You are splashed with acid!
The dart slug bites you.
* * * LOW HITPOINT WARNING * * *
The jelly hits you.
* * * LOW HITPOINT WARNING * * *
You are splashed with acid!
* * * LOW HITPOINT WARNING * * *
You hit the dart slug but do no damage. You drain the dart slug.
The dart slug is moderately wounded.
The dart slug bites you.
* * * LOW HITPOINT WARNING * * *
The jelly hits you.
You die...

..........##.$#...
..........#......
###.......... ....
.>.......... ..S..
..........# #.....
..........##.....?
#.<.)........
##..Jw.......
#..)@.......
#...........
.....h.........
##...K.........
#..S.##....<...
#.....#........
#.... .........
..... .........


You could see a jelly, an adder, a dart slug (very drained), a jackal, a ball
python and a kobold.

Vanquished Creatures
  Sigmund (D:2)
  Crazy Yiuf (D:2)
  Terence (D:2)
  6 adders
  A dart slug (D:2)
  A ribbon worm (D:2)
  10 orcs
  5 bats
  3 endoplasms (D:2)
  6 giant cockroaches
  4 goblins
  3 hobgoblins
  4 jackals (D:2)
  6 kobolds
  6 ball pythons
  5 frilled lizards
  6 rats
69 creatures vanquished.

Notes
Turn   | Place    | Note
-------+----------+-------------------------------------------
     0 | D:1      | EnlightenedBush the Naga Fighter began the quest for the
                  | Orb.
     0 | D:1      | Reached XP level 1. HP: 21/21 MP: 1/1
    25 | D:1      | Noticed a minotaur skeleton
   136 | D:1      | Reached XP level 2. HP: 27/28 MP: 2/2
   490 | D:2      | Noticed Terence
   499 | D:2      | Killed Terence
   500 | D:2      | Reached XP level 3. HP: 28/34 MP: 3/3
   610 | D:2      | Noticed Sigmund
   620 | D:2      | Killed Sigmund
   621 | D:2      | Reached skill level 4 in Axes
   621 | D:2      | Reached XP level 4. HP: 23/42 MP: 4/4
   621 | D:2      | Reached XP level 5. HP: 26/49 MP: 5/5
   944 | D:2      | Found a faded altar of an unknown god.
  1011 | D:2      | Reached XP level 6. HP: 52/56 MP: 6/6
  1538 | D:2      | Found a runed translucent door.
  1539 | D:2      | Noticed Crazy Yiuf
  1970 | D:2      | Killed Crazy Yiuf
  1971 | D:2      | Reached skill level 1 in Polearms
  2437 | D:3      | Found an opulent altar of Gozag.
  2526 | D:3      | Found a stormy altar of Qazlal.
  3068 | D:4      | Slain by a jelly

Illustrated notes

Levels and vault maps discovered:
D:1:      shiori_arrival_whats_in_store_for_you, layout_rooms,
          minmay_misc_feat_iff, corexii_item_surrounded_by_moat
D:2:      layout_basic, dilly_ecumenical_altar_fadedgnrine, uniq_sigmund,
          uniq_crazy_yiuf_cottage, uniq_terence
D:3:      minmay_evil_eye, layout_loops_ring, nicolae_qazlal_eye_of_the_storm,
          lemuel_tele_altar
D:4:      layout_cave_pools, mainiacjoe_overflow_brackets, minitemple,
          minmay_bent

Skill      XL: |  1  2  3  4  5  6 |
---------------+-------------------+-----
Shields        | 3 |  3.5
Axes           | 4 |  4.2
Armour         | 3 |  3.4
Polearms       | 1 |  1.2
Fighting       | |  3.9
Staves         | |  0.2
Dodging        | |  0.8
Stealth        | |  0.2

Action                     |  1- 3 |  4- 6 || total
---------------------------+-------+-------++-------
  Melee: War axe           |    66 |       ||    66
         Halberd           |       |    84 ||    84
         Quarterstaff      |       |    47 ||    47
 Armour: Scale mail        |    61 |   219 ||   280
  Dodge: Dodged            |    31 |    85 ||   116
  Block: Buckler           |    23 |       ||    23

Table legend: (Time is in decaauts)
 A = Elapsed time spent in this place.
 B = Non-inter-level travel time spent in this place.
 C = Inter-level travel time spent in this place.
 D = Time resting spent in this place.
 E = Time spent auto-exploring this place.
 F = Levels seen in this place.
 G = Mean time per level.
                   A        B        C        D        E       F      G
               +--------+--------+--------+--------+--------+-----+--------+
         Total |   4039 |   4039 |      0 |    233 |   1993 |   4 | 1009.8 |
       Dungeon |   4039 |   4039 |      0 |    233 |   1993 |   4 | 1009.8 |
               +--------+--------+--------+--------+--------+-----+--------+

Top non-repeatable levels by time:
     D:2: 2254 daAuts
     D:3: 1087 daAuts
     D:1: 678 daAuts
     D:4: 19 daAuts
